[Event "SVK ECo-C Extraliga 2018-19"]
[Site "Slovakia"]
[Date "2018.12.08"]
[Round "3"]
[White "Haring, Filip"]
[Black "Zpevak, Pavel"]
[Result "1-0"]
[ECO "B48"]
[WhiteElo "2258"]
[BlackElo "2338"]
[Annotator "NA"]
[PlyCount "77"]
[EventDate "2018.11.10"]
[EventType "team-tourn"]
[EventCountry "SVK"]
[SourceTitle "playchess.com"]
[Source "ChessBase"]
[SourceQuality "1"]
[WhiteTeam "Liptovska"]
[BlackTeam "Dubnica"]
[TimeControl "40/5400+30:1800+30"]

1. e4 c5 2. Nf3 e6 3. d4 cxd4 4. Nxd4 Nc6 5. Nc3 Qc7 6. Be3 a6 7. Qf3 Nf6 8. O-O-O $11 {[%emt 0:02:19] LiveBook: 309 Games} d6 9. Nxc6 bxc6 10. g4 h5 11. g5 Ng4 12. g6 fxg6 13. h3 Nxe3 14. fxe3 Qf7 15. Qg2 e5 16. Be2 Be7 17. Rhf1 Qe6 18. b3 g5 19. Bc4 Qxh3 20. Bf7+ Kd8 21. Qd2 Qd7 22. Na4 Qc7 23. c4 Bg4 24. c5 Bxd1 25. Rxd1 Rb8 26. Qc3 Rb5 27. Qxe5 Kc8 28. Qe6+ Qd7 29. Qc4 Kc7 30. Be6 Qd8 31. Qd4 Kb8 32. cxd6 Qxd6 33. Qxg7 Qa3+ 34. Kb1 Rf8 35. Nc3 Rf2 36. Qh8+ Bf8 37. Rd8+ Kb7 38. Rd7+ Kb8 39. Rd8+ 1-0

[Event "SVK ECo-C Extraliga 2018-19"]
[Site "Slovakia"]
[Date "2018.12.08"]
[Round "3"]
[White "Petran, Peter"]
[Black "Bury, Rastislav"]
[Result "1-0"]
[ECO "A00"]
[WhiteElo "2256"]
[BlackElo "2144"]
[Annotator "NA"]
[PlyCount "141"]
[EventDate "2018.11.10"]
[EventType "team-tourn"]
[EventCountry "SVK"]
[SourceTitle "playchess.com"]
[Source "ChessBase"]
[SourceQuality "1"]
[WhiteTeam "Slovan"]
[BlackTeam "Osuske"]
[TimeControl "40/5400+30:1800+30"]

1. g3 Nf6 2. Bg2 d5 3. Nf3 e6 4. O-O Be7 5. c4 O-O 6. b3 b6 7. Bb2 Bb7 8. d4 Nbd7 9. cxd5 exd5 10. Nc3 Re8 {[%emt 0:03:49] LiveBook: 98 Games} 11. e3 {[%emt 0:01:57] E17: Queen's Indian: 4 g3 Bb7 5 Bg2 Be7} Ba6 $146 ({Predecessor:} 11... Bf8 12. Qc2 Rc8 13. Rfd1 a6 {1-0 (42) So,W (2812)-Bacrot,E (2708) Paris 2017}) 12. Re1 Bd6 13. Nh4 Bb7 14. Rc1 a6 15. a3 Rc8 16. b4 Bf8 17. Qb3 c6 18. a4 b5 19. a5 Qe7 $11 20. Ba3 Qe6 21. Nf3 Qf5 22. Nh4 Qe6 23. Qc2 Ne4 24. Nf3 Nxc3 25. Qxc3 Bd6 26. Nd2 Nf6 27. f3 h5 28. Nb3 Nd7 29. e4 dxe4 30. fxe4 Be7 31. Bb2 Bf6 32. Qf3 Be7 33. Nc5 Nxc5 34. bxc5 Qa2 35. Re2 Qxa5 36. Rf2 Rf8 37. Qxh5 Qd8 38. Rcf1 g6 39. Qf3 Rc7 40. Qc3 f6 41. Qd2 Kg7 42. Bc3 Qd7 43. Kh1 Rcc8 44. Qb2 Qe6 45. h4 Rb8 46. Kh2 b4 47. Qxb4 Ba8 48. Qa5 Qc4 49. Qa1 Rb3 50. Rc1 Qd3 51. Rf3 Qe2 52. Rcf1 Rbb8 53. R1f2 Qc4 54. Qa2 Qxa2 55. Rxa2 Bb7 56. Rb2 Ba8 57. Rff2 Rfc8 58. Bf1 Rb5 59. Bxb5 axb5 60. Ra2 Bb7 61. Ra7 Rc7 62. Bb4 Rd7 63. d5 Bc8 64. Rfa2 Kf7 65. Rxd7 Bxd7 66. Ra7 Ke8 67. d6 Bf8 68. Kg2 Bh6 69. Kf2 Bc1 70. Bc3 f5 71. e5 1-0

[Event "SVK ECo-C Extraliga 2018-19"]
[Site "Slovakia"]
[Date "2018.12.08"]
[Round "3"]
[White "Molnar, Erno"]
[Black "Krak, Tomas"]
[Result "0-1"]
[ECO "B35"]
[WhiteElo "2252"]
[BlackElo "2298"]
[Annotator "NA"]
[PlyCount "62"]
[EventDate "2018.11.10"]
[EventType "team-tourn"]
[EventCountry "SVK"]
[SourceTitle "playchess.com"]
[Source "ChessBase"]
[SourceQuality "1"]
[WhiteTeam "Komarno"]
[BlackTeam "Snina"]
[TimeControl "40/5400+30:1800+30"]

1. e4 c5 2. Nf3 Nc6 3. d4 cxd4 4. Nxd4 g6 5. Nc3 Bg7 6. Be3 Nf6 7. Bc4 O-O 8. Bb3 d6 9. f3 Bd7 10. Qd2 Na5 11. O-O-O Nxb3+ 12. cxb3 Qb8 (12... Rb8 13. Kb1 b5 14. g4 b4 15. Nce2 Qa5 16. h4 Rfc8 17. h5 Nxe4 18. fxe4 Qe5 19. hxg6 hxg6 20. Ka1 Qxe4 {0-1 (61) Saric,I (2666)-Bologan,V (2655) Poikovsky 2014}) 13. Bg5 {[#]} Qd8 $146 ({Predecessor:} 13... b5 14. Bxf6 Bxf6 15. Nd5 Bh4 16. Qf4 e6 17. Qxh4 exd5 18. exd5 Qb7 19. Rhe1 Qxd5 20. Ne2 {½-½ (38) Pirs,M (2520)-Miras Garcia,E (2516) ICCF email 2015}) 14. Be3 Qb8 {[%emt 0:00:00] B78: Sicilian Dragon: Yugoslav Attack, 9 Bc4 Bd7 10 0-0-0 Rc8} 15. Bg5 Re8 16. h4 (16. Kb1 $16) 16... b5 17. Bxf6 Bxf6 18. h5 Bg7 19. hxg6 hxg6 20. Rh2 d5 21. Rdh1 Qe5 $11 ({Black should play} 21... dxe4 $17 22. Nc2 (22. fxe4 b4 $17) 22... Rd8 23. fxe4 b4) 22. Nde2 d4 23. Nd1 d3 24. Qxd3 Red8 25. Nec3 Rac8 26. Kb1 Be6 27. Qe2 b4 28. Na4 Bd7 29. Ne3 Bb5 30. Qf2 Bd3+ 31. Ka1 Qxh2 0-1

[Event "SVK ECo-C Extraliga 2018-19"]
[Site "Slovakia"]
[Date "2018.12.08"]
[Round "3"]
[White "Veres, Andrej"]
[Black "Cech, Pavel"]
[Result "1/2-1/2"]
[ECO "D10"]
[WhiteElo "2235"]
[BlackElo "2327"]
[Annotator "NA"]
[PlyCount "98"]
[EventDate "2018.11.10"]
[EventType "team-tourn"]
[EventCountry "SVK"]
[SourceTitle "playchess.com"]
[Source "ChessBase"]
[SourceQuality "1"]
[WhiteTeam "Dubnica"]
[BlackTeam "Liptovska"]
[TimeControl "40/5400+30:1800+30"]

1. d4 d5 2. Nf3 Nf6 3. c4 c6 4. cxd5 cxd5 5. Nc3 Nc6 6. Bf4 e6 7. e3 Nh5 $14 {[%emt 0:01:22] LiveBook: 192 Games} 8. Be5 f6 9. Bg3 g6 10. Be2 Be7 11. O-O Nxg3 12. hxg3 O-O 13. Rc1 Bd7 14. e4 Nb4 15. exd5 Nxd5 16. Nxd5 exd5 17. Qb3 Bc6 18. Ne1 Qb6 19. Nc2 Qxb3 20. axb3 Rfe8 21. Rfe1 Kf7 22. Bf3 Bf8 23. g4 Rad8 24. g3 Bh6 25. Ra1 Rxe1+ 26. Nxe1 a6 27. Nd3 Bd2 28. Rd1 Ba5 29. Nc5 Re8 30. Rc1 Re1+ 31. Rxe1 Bxe1 32. Kf1 Bb4 33. Ke2 Ke7 34. Nd3 Bd6 35. Nf4 Bxf4 36. gxf4 h6 37. Ke3 Ke6 38. Bd1 f5 39. gxf5+ Kxf5 40. Bc2+ Kf6 41. b4 Bd7 42. Kf3 Bf5 43. Bb3 Ke6 44. Kg3 Kd6 45. Ba4 Kc7 46. Bd1 Kb6 47. Be2 Kc6 48. b5+ axb5 49. b4 Kd6 1/2-1/2

[Event "SVK ECo-C Extraliga 2018-19"]
[Site "Slovakia"]
[Date "2018.12.08"]
[Round "3"]
[White "Karas, Marek"]
[Black "Briestensky, Rastislav"]
[Result "1-0"]
[ECO "D37"]
[WhiteElo "2224"]
[BlackElo "2331"]
[Annotator "NA"]
[PlyCount "121"]
[EventDate "2018.11.10"]
[EventType "team-tourn"]
[EventCountry "SVK"]
[SourceTitle "playchess.com"]
[Source "ChessBase"]
[SourceQuality "1"]
[WhiteTeam "Osuske"]
[BlackTeam "Slovan"]
[TimeControl "40/5400+30:1800+30"]

1. d4 Nf6 2. c4 e6 3. Nc3 d5 4. Nf3 Be7 5. Bf4 O-O 6. e3 Nh5 7. Bg3 {[%emt 0:01:27] LiveBook: 4 Games} c6 8. Bd3 f5 9. Qc2 Na6 10. a3 dxc4 11. Bxc4 b5 12. Be2 Nxg3 13. hxg3 $16 ({Reject} 13. fxg3 $6 Bb7 $11) 13... Bf6 14. O-O Bd7 15. e4 Qb6 16. a4 Kh8 17. Rfd1 Rac8 18. Ne5 Bxe5 19. dxe5 Be8 20. Qd2 fxe4 21. Qd4 Qxd4 22. Rxd4 Nc5 23. Rad1 Bg6 24. axb5 cxb5 25. Bxb5 a6 26. Be2 h6 27. Rc4 Nd3 28. Rxc8 Rxc8 29. Bxd3 exd3 30. f4 Rb8 31. Rd2 Rb4 32. Kf2 h5 33. Na2 Rc4 34. b3 Rc5 35. Nb4 a5 36. Nxd3 Rc3 37. Nb2 Rxb3 38. Nc4 a4 39. Rd8+ Kh7 40. Ra8 Rb4 41. Nd6 Bc2 42. Ra7 Kh6 43. Ra6 Bd3 44. Ra7 Bc2 45. Ra6 Bd3 46. Ra8 Kh7 47. Ra7 Kh6 48. Nb7 Rb2+ 49. Ke3 Bb5 50. Nd6 Bc6 51. f5 exf5 52. Ra6 Rc2 53. e6 a3 54. Nxf5+ Kg5 55. Nd4 Rc5 56. Nxc6 a2 57. Nd4 Re5+ 58. Kf2 Re4 59. Rxa2 Rxd4 60. e7 Re4 61. Re2 1-0

[Event "SVK ECo-C Extraliga 2018-19"]
[Site "Slovakia"]
[Date "2018.12.08"]
[Round "3"]
[White "Gazik, Igor"]
[Black "Mikrut, Dariusz"]
[Result "0-1"]
[ECO "B30"]
[WhiteElo "2220"]
[BlackElo "2372"]
[Annotator "NA"]
[PlyCount "62"]
[EventDate "2018.11.10"]
[EventType "team-tourn"]
[EventCountry "SVK"]
[SourceTitle "playchess.com"]
[Source "ChessBase"]
[SourceQuality "1"]
[WhiteTeam "Podhajska"]
[BlackTeam "Prakovce"]
[TimeControl "40/5400+30:1800+30"]

1. e4 c5 2. Nf3 Nc6 3. Nc3 g6 4. g3 Bg7 5. Bg2 d6 6. d3 Nf6 7. Be3 O-O 8. h3 Nd7 9. Qd2 Nd4 10. Nd1 b6 11. Nh2 e5 12. c3 Ne6 13. f4 exf4 14. gxf4 Bb7 15. f5 Nc7 16. O-O d5 17. Ng4 h5 18. Bg5 Qe8 19. f6 Bh8 20. Nge3 dxe4 21. Nf2 Nxf6 22. Bxf6 Bxf6 23. Nxe4 Bxe4 24. Bxe4 Bg5 25. Rae1 Rd8 26. Qg2 Bxe3+ 27. Rxe3 Qe7 28. Kh1 Kh8 29. Ref3 Rd6 30. Qd2 Kg7 31. Rg1 Qxe4 0-1

[Event "SVK ECo-C Extraliga 2018-19"]
[Site "Slovakia"]
[Date "2018.12.08"]
[Round "3"]
[White "Federic, Jozef"]
[Black "Takacs, Laszlo"]
[Result "1/2-1/2"]
[ECO "A46"]
[WhiteElo "2207"]
[BlackElo "2308"]
[Annotator "NA"]
[PlyCount "176"]
[EventDate "2018.11.10"]
[EventType "team-tourn"]
[EventCountry "SVK"]
[SourceTitle "playchess.com"]
[Source "ChessBase"]
[SourceQuality "1"]
[WhiteTeam "Modra"]
[BlackTeam "Streda"]
[TimeControl "40/5400+30:1800+30"]

1. d4 Nf6 2. Nf3 e6 3. e3 d5 4. Be2 Nbd7 {[%emt 0:08:26] D05: Colle System with ...e6} (4... c5 5. O-O Nc6 6. b3 cxd4 7. exd4 Be7 8. a3 O-O 9. Bd3 a6 10. Bb2 b5 11. Nbd2 b4 12. axb4 Nxb4 13. Be2 a5 14. c3 Nc6 15. Ba3 {½-½ (38) Burmakin,V (2508)-Lintchevski,D (2532) Kazan 2017}) 5. O-O Bd6 {[%emt 0:01:34] LiveBook: 4 Games} 6. Nbd2 e5 $146 ({Predecessor:} 6... O-O 7. b3 e5 8. dxe5 Nxe5 9. Bb2 Qe7 10. c4 dxc4 11. Nxe5 Bxe5 12. Bxe5 Qxe5 13. Nxc4 {½-½ (24) Gregory,A (1973)-Howells,C (1850) Frome 2018}) 7. dxe5 Nxe5 8. c4 O-O 9. cxd5 Nxd5 10. Nxe5 Bxe5 11. Nc4 Bf6 12. e4 Nb6 13. e5 Qxd1 14. Rxd1 Be7 15. Nxb6 axb6 16. Be3 Ra5 17. f4 Be6 18. a3 Bc5 19. Bxc5 Rxc5 20. Rd2 g5 21. g3 gxf4 22. gxf4 f6 23. exf6 Rxf6 24. Rf1 Kf7 25. Bd3 Bc4 26. Bxc4+ Rxc4 27. Kg2 Kg6 28. Kg3 b5 29. Rf3 b4 30. b3 Re4 31. a4 Rc6 32. Rd5 Rc2 33. Rb5 b6 34. Rg5+ Kf6 35. Rh5 Re7 36. f5 Rc3 37. Kf4 Rd7 38. Rxc3 bxc3 39. Rh6+ Kg7 40. Rc6 h6 41. Rxc3 c5 42. Rg3+ Kf7 43. Rg6 Rd4+ 44. Ke5 Rb4 45. Rxh6 Rxb3 46. Rh7+ Kg8 47. Rb7 Rb4 48. Kf6 Rxa4 49. Rb8+ Kh7 50. Rxb6 Rh4 51. Ke7 c4 52. Rc6 Re4+ 53. Kf7 Rf4 54. f6 Kh6 55. h3 Kh7 56. Kf8 c3 57. f7 Rf3 58. h4 Re3 59. Rc5 Rf3 60. Rh5+ Kg6 61. Rg5+ Kh7 62. Rg7+ Kh8 63. Rg2 Re3 64. h5 Re4 65. Rg6 Kh7 66. Rc6 Re3 67. Rc7 Kh8 68. Re7 c2 69. Rc7 Re2 70. Rc3 Kh7 71. Rc6 Rf2 72. h6 Re2 73. Rc3 Rf2 74. Rc6 Re2 75. Rc7 Kh8 76. h7 Kxh7 77. Rc3 Rf2 78. Rh3+ Kg6 79. Rg3+ Kf5 80. Kg8 Ke4 81. Rc3 Rg2+ 82. Kh7 Rh2+ 83. Kg7 Rg2+ 84. Kf6 Kd4 85. Rxc2 Rxc2 86. f8=Q Rf2+ 87. Ke7 Rxf8 88. Kxf8 Ke5 1/2-1/2

[Event "SVK ECo-C Extraliga 2018-19"]
[Site "Slovakia"]
[Date "2018.12.08"]
[Round "3"]
[White "Gasa, Patrik"]
[Black "Jancovic, Peter"]
[Result "1/2-1/2"]
[ECO "E16"]
[WhiteElo "2177"]
[BlackElo "2299"]
[Annotator "NA"]
[PlyCount "90"]
[EventDate "2018.11.10"]
[EventType "team-tourn"]
[EventCountry "SVK"]
[SourceTitle "playchess.com"]
[Source "ChessBase"]
[SourceQuality "1"]
[WhiteTeam "Osuske"]
[BlackTeam "Slovan"]
[TimeControl "40/5400+30:1800+30"]

1. d4 Nf6 2. c4 e6 3. Nf3 b6 4. g3 Bb7 5. Bg2 Bb4+ 6. Bd2 Be7 7. O-O O-O 8. Nc3 c5 9. d5 exd5 {[%emt 0:01:05] LiveBook: 13 Games} 10. Ne5 (10. Nh4 $14) 10... Nc6 (10... Qc7 $15 11. cxd5 Qxe5) 11. Nxd5 Nxd5 $11 12. Bxd5 Qc7 13. Nf3 Bf6 14. Bf4 Qc8 15. Qd2 Nd4 16. Bxb7 Qxb7 17. Nxd4 Bxd4 18. e3 Bf6 19. Rad1 d5 20. Qxd5 Qa6 21. e4 Rad8 22. Qf5 Bxb2 23. Bd6 Rfe8 24. Be7 g6 25. Rxd8 Rxd8 26. Qg4 Rd3 27. Qe2 Qa3 28. Qg4 h5 29. Qc8+ Kh7 30. Qe8 Rf3 31. Kg2 Qd3 32. Bg5 Bg7 33. Bf4 Qe2 34. h4 Rc3 35. Qxf7 Qxe4+ 36. f3 Qxc4 37. Qxa7 Rc2+ 38. Rf2 Rxf2+ 39. Kxf2 Qd4+ 40. Be3 Qb2+ 41. Kf1 Qb1+ 42. Kf2 c4 43. Bd4 Qc2+ 44. Ke1 Qb1+ 45. Kf2 Qc2+ 1/2-1/2

[Event "SVK ECo-C Extraliga 2018-19"]
[Site "Slovakia"]
[Date "2018.12.08"]
[Round "3"]
[White "Kopera, Michal"]
[Black "Kantorik, Marian"]
[Result "0-1"]
[ECO "B07"]
[WhiteElo "2152"]
[BlackElo "2223"]
[Annotator "NA"]
[PlyCount "100"]
[EventDate "2018.11.10"]
[EventType "team-tourn"]
[EventCountry "SVK"]
[SourceTitle "playchess.com"]
[Source "ChessBase"]
[SourceQuality "1"]
[WhiteTeam "Zilina"]
[BlackTeam "Dunajov"]
[TimeControl "40/5400+30:1800+30"]

1. e4 d6 2. d4 Nf6 3. Nc3 e5 4. dxe5 dxe5 5. Qxd8+ Kxd8 6. Nf3 Nbd7 7. Bc4 Bb4 8. Bd2 Rf8 $14 9. O-O Bxc3 10. Bxc3 Nxe4 11. Bxe5 Nxe5 12. Nxe5 Nd6 13. Rad1 Be6 14. Bxe6 fxe6 15. c4 Ke7 16. c5 Nf7 17. Rfe1 Nxe5 18. Rxe5 Rad8 19. Rde1 Rf6 20. b4 Rd2 21. a3 Rdxf2 22. Rxe6+ Rxe6 23. Kxf2 Rxe1 24. Kxe1 Ke6 25. Ke2 Kd5 26. Kd3 a5 27. Kc3 g6 28. Kb3 g5 29. g4 axb4 30. axb4 Kd4 31. Ka4 Kc4 32. Ka3 Kd5 33. Ka4 Ke4 34. Kb5 Kd5 35. Ka4 Kc4 36. Ka3 c6 37. Ka4 Kc3 38. Ka3 Kc2 39. Ka2 Kc3 40. Ka3 Kc2 41. Ka2 h6 42. h3 Kd3 43. Kb3 Kd4 44. Ka4 Kc4 45. Ka3 Kc3 46. Ka4 Kb2 47. b5 Kc3 48. Ka5 Kc4 49. bxc6 bxc6 50. Kb6 Kd5 0-1

[Event "SVK ECo-C Extraliga 2018-19"]
[Site "Slovakia"]
[Date "2018.12.08"]
[Round "3"]
[White "Szegi, Tamas"]
[Black "Pcola, Pavol"]
[Result "0-1"]
[ECO "C02"]
[WhiteElo "2151"]
[BlackElo "2381"]
[Annotator "NA"]
[PlyCount "68"]
[EventDate "2018.11.10"]
[EventType "team-tourn"]
[EventCountry "SVK"]
[SourceTitle "playchess.com"]
[Source "ChessBase"]
[SourceQuality "1"]
[WhiteTeam "Komarno"]
[BlackTeam "Snina"]
[TimeControl "40/5400+30:1800+30"]

1. e4 e6 2. d4 d5 3. e5 c5 4. c3 Nc6 5. Nf3 Qb6 6. Bd3 cxd4 7. cxd4 Bd7 8. O-O Nxd4 9. Nxd4 Qxd4 10. Nc3 a6 11. Kh1 Ne7 12. f4 Nc6 13. a3 g6 14. Rf3 Qa7 15. b4 b5 16. Be3 Qb7 17. Bf2 Be7 18. Qe1 Rc8 19. Rd1 O-O 20. f5 gxf5 21. Bc5 Bxc5 22. bxc5 f6 23. Nxd5 exd5 24. e6 Be8 25. Bxf5 Rc7 26. Rxd5 Rg7 27. Rfd3 Ne7 28. Be4 Nxd5 29. Bxd5 Qe7 30. c6 Kh8 31. Bf3 Bf7 32. c7 Qxe6 33. Qb4 Rc8 34. Rd8+ Rg8 0-1

[Event "SVK ECo-C Extraliga 2018-19"]
[Site "Slovakia"]
[Date "2018.12.08"]
[Round "3"]
[White "Pcola, Jaroslav"]
[Black "Kukel, Imre"]
[Result "0-1"]
[ECO "B51"]
[WhiteElo "2102"]
[BlackElo "2273"]
[Annotator "NA"]
[PlyCount "79"]
[EventDate "2018.11.10"]
[EventType "team-tourn"]
[EventCountry "SVK"]
[SourceTitle "playchess.com"]
[Source "ChessBase"]
[SourceQuality "1"]
[WhiteTeam "Snina"]
[BlackTeam "Komarno"]
[TimeControl "40/5400+30:1800+30"]

1. e4 c5 2. Nf3 d6 3. Bb5+ Nd7 4. c3 Ngf6 5. Qe2 Qc7 6. O-O h6 7. d4 e5 8. Nbd2 Be7 9. Rd1 $14 g5 10. dxe5 dxe5 11. Nf1 a6 12. Ba4 b5 13. Bc2 Nb6 14. Ng3 Bd7 15. Nf5 Bf8 16. b3 Nh5 17. a4 Nf4 18. Qf1 Rg8 19. Be3 Rg6 20. Rd2 bxa4 21. bxa4 Be6 22. Bd3 Nxd3 23. Qxd3 Nc4 24. Re2 Na5 25. Rb2 Bc4 26. Qc2 Rd8 27. Rd1 Nc6 28. Bc1 Rxd1+ 29. Qxd1 Nd8 30. Ne3 Be6 31. Nd5 Bxd5 32. Qxd5 Rd6 33. Qxe5+ Ne6 34. Rd2 Qb6 35. h3 Kd7 36. Rxd6+ Bxd6 37. Qd5 Qb1 38. Qd2 Nf4 39. Ne1 Qxc1 40. Qxc1 0-1

[Event "SVK ECo-C Extraliga 2018-19"]
[Site "Slovakia"]
[Date "2018.12.09"]
[Round "4"]
[White "Kriebel, Tadeas"]
[Black "Horvath, Csaba"]
[Result "1-0"]
[ECO "B04"]
[WhiteElo "2517"]
[BlackElo "2510"]
[Annotator "ChessBase"]
[PlyCount "113"]
[EventDate "2018.11.10"]
[EventType "team-tourn"]
[EventCountry "SVK"]
[SourceTitle "playchess.com"]
[Source "ChessBase"]
[SourceQuality "1"]
[WhiteTeam "Snina"]
[BlackTeam "Podhajska"]
[TimeControl "40/5400+30:1800+30"]

1. e4 Nf6 2. e5 Nd5 3. d4 d6 4. Nf3 dxe5 5. Nxe5 c6 6. c4 Nb4 7. Be3 Bf5 8. Na3 Nd7 9. Nxd7 Qxd7 10. Be2 e6 11. O-O Be7 12. Qb3 O-O 13. Rac1 b6 14. Nb1 c5 15. Rfd1 cxd4 16. Bxd4 Qc7 17. Nc3 Bc5 18. Nb5 Qe7 19. Bxc5 bxc5 20. a3 Nc6 21. Bf3 Rac8 22. Qe3 Na5 23. Nd6 Rc7 24. b4 cxb4 25. axb4 Nxc4 26. Rxc4 Rxc4 27. Nxc4 Qxb4 28. Ne5 Qb6 29. Qxb6 axb6 30. Nd7 Re8 31. Nxb6 g5 32. h3 Kg7 33. Rd7 e5 34. Rc7 e4 35. Bh5 Bg6 36. Bxg6 hxg6 37. Nc4 Re6 38. Kf1 Kg8 39. Ke2 f5 40. Ke3 Ra6 41. Rd7 Ra4 42. Ne5 Ra3+ 43. Ke2 Ra2+ 44. Rd2 Ra5 45. Nc4 Ra4 46. Rd4 Ra2+ 47. Ke3 Kg7 48. Rd2 Ra4 49. Rd7+ Kh6 50. Rc7 Ra2 51. Ne5 Ra3+ 52. Kd4 Ra2 53. Nf7+ Kg7 54. Nxg5+ Kf6 55. h4 Rd2+ 56. Ke3 Ra2 57. Rc6+ 1-0

[Event "SVK ECo-C Extraliga 2018-19"]
[Site "Slovakia"]
[Date "2018.12.09"]
[Round "4"]
[White "Pcola, Pavol"]
[Black "Gazik, Igor"]
[Result "1/2-1/2"]
[ECO "A10"]
[WhiteElo "2381"]
[BlackElo "2220"]
[Annotator "NA"]
[PlyCount "24"]
[EventDate "2018.11.10"]
[EventType "team-tourn"]
[EventCountry "SVK"]
[SourceTitle "playchess.com"]
[Source "ChessBase"]
[SourceQuality "1"]
[WhiteTeam "Snina"]
[BlackTeam "Podhajska"]
[TimeControl "40/5400+30:1800+30"]

1. c4 g6 2. g3 Bg7 3. Bg2 e5 4. Nc3 d6 5. Nf3 Nf6 6. O-O O-O 7. d4 Nbd7 8. b3 Re8 9. e3 c6 10. dxe5 dxe5 11. Bb2 e4 12. Nd4 Nc5 1/2-1/2

[Event "SVK ECo-C Extraliga 2018-19"]
[Site "Slovakia"]
[Date "2018.12.09"]
[Round "4"]
[White "Mikrut, Dariusz"]
[Black "Szegi, Tamas"]
[Result "1-0"]
[ECO "D91"]
[WhiteElo "2372"]
[BlackElo "2151"]
[Annotator "NA"]
[PlyCount "73"]
[EventDate "2018.11.10"]
[EventType "team-tourn"]
[EventCountry "SVK"]
[SourceTitle "playchess.com"]
[Source "ChessBase"]
[SourceQuality "1"]
[WhiteTeam "Prakovce"]
[BlackTeam "Komarno"]
[TimeControl "40/5400+30:1800+30"]

1. d4 Nf6 2. c4 g6 3. Nc3 d5 4. Nf3 Bg7 5. Bg5 Ne4 6. cxd5 ({Avoid the trap} 6. Nxd5 $2 Nxg5 7. Nxg5 e6 $19) 6... Nxc3 7. bxc3 Qxd5 8. e3 {[%emt 0:10:20] LiveBook: 46 Games} c5 9. Be2 Nc6 10. O-O O-O 11. Bh4 cxd4 12. cxd4 h6 13. Nd2 e5 14. Bc4 Qd7 15. d5 Na5 16. e4 f5 17. Be7 Nxc4 18. Bxf8 Nxd2 19. Bxg7 Nxf1 20. Bxe5 fxe4 21. Kxf1 e3 22. Qd3 Qf5 23. Qxe3 Bd7 24. Kg1 Re8 25. Re1 a6 26. h3 Kh7 27. f3 Qc2 28. a3 Qc4 29. d6 Qd5 30. Kh2 a5 31. Qf4 Bf5 32. g4 Rf8 33. Bc3 Rc8 34. gxf5 Rxc3 35. fxg6+ Kxg6 36. Qg4+ Kf6 37. Qh4+ 1-0

[Event "SVK ECo-C Extraliga 2018-19"]
[Site "Slovakia"]
[Date "2018.12.09"]
[Round "4"]
[White "Farkas, Gabor"]
[Black "Gasa, Patrik"]
[Result "1-0"]
[ECO "A22"]
[WhiteElo "2370"]
[BlackElo "2177"]
[Annotator "NA"]
[PlyCount "115"]
[EventDate "2018.11.10"]
[EventType "team-tourn"]
[EventCountry "SVK"]
[SourceTitle "playchess.com"]
[Source "ChessBase"]
[SourceQuality "1"]
[WhiteTeam "Streda"]
[BlackTeam "Osuske"]
[TimeControl "40/5400+30:1800+30"]

1. c4 e5 2. Nc3 Nf6 3. g3 Nc6 4. Bg2 a6 5. d3 Bc5 6. Nf3 d6 7. O-O h6 8. a3 O-O 9. b4 Ba7 10. e3 Re8 11. Nd2 Ne7 12. Nb3 c6 13. d4 Bg4 14. Qd2 exd4 15. exd4 d5 16. c5 Qd7 17. Re1 Ng6 18. Bb2 Rxe1+ 19. Rxe1 Re8 20. Rxe8+ Qxe8 21. a4 Bd7 22. Qe3 Kf8 23. b5 cxb5 24. axb5 Bxb5 25. Nxd5 Nxd5 26. Bxd5 Qxe3 27. fxe3 b6 28. Bb7 bxc5 29. Ba3 Ke8 30. Nxc5 a5 31. Ne4 Kd7 32. Nd6 Bc6 33. Ba6 Ne7 34. Nxf7 Nf5 35. Ne5+ Kc7 36. Nxc6 Kxc6 37. Kf2 Nxd4 38. exd4 Bxd4+ 39. Ke2 Kd5 40. Kd3 Bg1 41. h3 Bf2 42. g4 Ke6 43. Ke4 Be1 44. Bb2 Kf7 45. Kf5 g6+ 46. Kf4 Bb4 47. Bc4+ Ke7 48. Bb3 Bd2+ 49. Ke5 Bb4 50. Bc1 Bc3+ 51. Ke4 h5 52. g5 Kf8 53. Ba3+ Kg7 54. Be7 Bb2 55. Kd5 Bc3 56. Ke6 Bb4 57. Bf6+ Kg8 58. Bc2 1-0

[Event "SVK ECo-C Extraliga 2018-19"]
[Site "Slovakia"]
[Date "2018.12.09"]
[Round "4"]
[White "Grubisic, Ilija"]
[Black "Banas, Kamil"]
[Result "1/2-1/2"]
[ECO "B22"]
[WhiteElo "2370"]
[BlackElo "2248"]
[Annotator "NA"]
[PlyCount "71"]
[EventDate "2018.11.10"]
[EventType "team-tourn"]
[EventCountry "SVK"]
[SourceTitle "playchess.com"]
[Source "ChessBase"]
[SourceQuality "1"]
[WhiteTeam "Slovan"]
[BlackTeam "Modra"]
[TimeControl "40/5400+30:1800+30"]

1. e4 c5 2. c3 Nf6 3. e5 Nd5 4. Nf3 b6 5. d4 cxd4 6. cxd4 e6 7. Nc3 Nxc3 8. bxc3 Qc7 9. Bd2 Be7 10. Bd3 Ba6 11. Bxa6 Nxa6 12. Qe2 Qb7 13. a4 O-O 14. O-O Nb8 15. c4 d5 16. exd6 Bxd6 17. a5 Nd7 18. Rfb1 Qc6 19. Bb4 Bxb4 20. Rxb4 h6 21. h3 Rfc8 22. Qb2 Rc7 23. Nd2 Rac8 24. axb6 axb6 25. Ra6 Ra8 26. Qa2 Rxa6 27. Qxa6 Qd6 28. c5 Nxc5 29. Qxb6 Qxb6 30. Rxb6 Nd3 31. Rb1 Rc2 32. Ne4 Rc1+ 33. Rxc1 Nxc1 34. Nc3 Nb3 35. Ne2 Kf8 36. f3 1/2-1/2

[Event "SVK ECo-C Extraliga 2018-19"]
[Site "Slovakia"]
[Date "2018.12.09"]
[Round "4"]
[White "Jurcik, Martin"]
[Black "Plachetka, Jan"]
[Result "1-0"]
[ECO "B00"]
[WhiteElo "2336"]
[BlackElo "2314"]
[Annotator "NA"]
[PlyCount "51"]
[EventDate "2018.11.10"]
[EventType "team-tourn"]
[EventCountry "SVK"]
[SourceTitle "playchess.com"]
[Source "ChessBase"]
[SourceQuality "1"]
[TimeControl "40/5400+30:1800+30"]

1. e4 d6 2. d4 Nf6 3. f3 c5 4. c3 Nbd7 5. Be3 g6 6. Bd3 Bg7 7. Ne2 O-O 8. O-O a6 9. a4 b6 10. Na3 Bb7 11. b4 Qc7 12. Rb1 e5 13. bxc5 bxc5 14. d5 Bc8 15. Nc4 Kh8 16. a5 Ne8 17. Qa4 Ra7 18. Qc6 Qd8 19. Nb6 Nxb6 20. axb6 Bd7 21. bxa7 Bxc6 22. dxc6 Nc7 23. Rb8 Qh4 24. Rfb1 Na8 25. Ng3 Qe7 26. R1b7 1-0